Map: Royal Blood LE

Players

A.I. 1 (Elite)

  • Race: Protoss Protoss
  • Spawn Location: 7:00

Probe - Winner!

  • Race: Terran Terran
  • Spawn Location: 1:00

VOD

Have the link to the VOD?

Description

Time

  • Played on: Feb. 7, 2023, 11:59 p.m.
  • Length: 8:50
Show
View Real Time Build Order
Export as new Build Order

A.I. 1 (Elite) Protoss 

Build Orders: 1 Gate Expand 

Get SALT Encoding   

  12  0:00  Probe  
  13  0:13  Probe  
  14  0:20  Pylon  
  14  0:25  Probe  
  15  0:34  Probe  
  15  0:42  Probe  
  17  0:51  Gateway  
  17  0:52  Probe  
  18  1:00  Probe  
  19  1:15  Probe  
  19  1:16  Nexus  
  20  1:27  Probe  
  21  1:37  Pylon  
  21  1:39  Zealot  
  23  1:46  Cybernetics Core  
  23  1:48  Assimilator  
  23  1:55  Probe  
  24  2:03  Probe  
  25  2:11  Probe  
  26  2:19  Probe  
  26  2:22  Pylon  
  26  2:27  Probe  
  26  2:28  Probe  
  28  2:32  Gateway  
  28  2:33  Warp Gate  
  28  2:36  Probe  
  29  2:39  Assimilator  
  30  2:51  Stalker  
  30  2:52  Probe, Pylon  
  30  2:54  Probe  
  34  3:02  Probe  
  35  3:06  Probe  
  36  3:13  Probe  
  36  3:15  Adept  
  36  3:19  Probe, Adept  
  42  3:28  Robotics Facility  
  42  3:30  Probe  
  42  3:32  Probe  
  44  3:41  Adept  
  44  3:42  Probe  
  44  3:44  Probe  
  44  3:47  Adept  
  48  3:54  Probe  
  51  3:56  Probe  
  51  4:00  Pylon  
  52  4:06  Probe  
  52  4:08  Probe  
  54  4:11  Adept  
  54  4:15  Gateway  
  56  4:18  Probe, Robotics Bay  
  56  4:21  Pylon  
  56  4:23  Adept  
  59  4:24  Observer  
  60  4:32  Probe, Pylon  
  60  4:34  Probe  
  62  4:51  Robotics Facility  
  62  4:59  Stalker, Zealot  
  66  5:00  Pylon  
  66  5:05  Gateway  
  66  5:09  Zealot  
  54  5:19  Stalker  
  54  5:20  Adept  
  57  5:30  Adept  
  57  5:34  Adept  
  55  5:42  Zealot  
  57  5:45  Probe  
  57  5:47  Zealot, Assimilator  
  57  5:49  Twilight Council  
  58  5:50  Zealot  
  58  5:52  Forge  
  58  5:54  Assimilator  
  58  5:58  Adept  
  58  6:02  Adept x2  
  64  6:05  Forge  
  64  6:09  Probe  
  64  6:10  Probe, Zealot  
  60  6:18  Probe  
  60  6:19  Zealot  
  60  6:22  Probe, Zealot x2  
  64  6:26  Probe  
  64  6:30  Zealot, Templar Archives  
  67  6:39  Zealot  
  69  6:42  Zealot, Stalker  
  67  6:50  Zealot, Nexus  
  67  6:53  Zealot  
  63  7:02  Adept  
  63  7:05  Stalker  
  67  7:09  Stalker  
  67  7:10  High Templar  
  71  7:22  Stalker  
  73  7:27  Pylon  
  73  7:28  Zealot  
  63  7:32  Stalker  
  63  7:33  Observer  
  62  7:38  High Templar  
  62  7:42  Zealot  
  64  7:47  Zealot  
  65  7:55  Zealot, Pylon  
  62  8:01  Sentry  
  62  8:02  High Templar  
  62  8:03  Probe x2  
  54  8:08  Zealot  
  35  8:15  Probe x2, Stalker  
  26  8:22  Zealot  
  26  8:25  Zealot, Assimilator  
  18  8:27  Probe  
  18  8:28  Adept  
Show
View Real Time Build Order
Export as new Build Order

Probe Terran - Winner!

Build Orders:  

Get SALT Encoding   

  12  0:00  SCV  
  13  0:12  SCV  
  14  0:17  Supply Depot  
  14  0:25  SCV  
  15  0:38  SCV  
  15  0:39  Barracks  
  16  0:43  Refinery  
  16  0:50  SCV  
  17  1:02  SCV  
  18  1:14  SCV  
  19  1:26  Barracks Reactor  
  19  1:27  Orbital Command  
  19  1:38  Command Center  
  19  1:47  Supply Depot  
  19  1:52  SCV  
  20  2:02  Marine x2  
  20  2:04  SCV  
  23  2:15  Bunker  
  23  2:17  SCV  
  23  2:19  Marine  
  23  2:20  Marine  
  26  2:23  Barracks  
  26  2:31  Barracks  
  26  2:33  SCV  
  27  2:37  Marine  
  27  2:38  Marine  
  29  2:46  SCV  
  29  2:50  Orbital Command  
  30  2:56  Marine x2  
  32  2:59  SCV  
  33  3:10  Barracks Tech Lab  
  33  3:11  Supply Depot, SCV  
  34  3:15  Marine x2  
  34  3:18  Barracks Tech Lab  
  36  3:20  SCV  
  36  3:23  SCV  
  38  3:29  Marine, Stimpack  
  38  3:32  SCV  
  38  3:33  Marine  
  41  3:35  Marine, SCV  
  41  3:36  Marine  
  41  3:37  Combat Shield  
  44  3:43  Supply Depot  
  44  3:45  SCV  
  44  3:47  Marine, SCV  
  47  3:51  Marine  
  47  3:53  Marine  
  49  3:56  Marine  
  49  3:57  SCV  
  49  3:59  SCV  
  52  4:06  Supply Depot, Marine  
  52  4:08  Marine  
  52  4:09  SCV  
  55  4:11  Marine, SCV  
  55  4:15  Supply Depot, Marine  
  58  4:21  SCV  
  58  4:23  SCV  
  60  4:24  Marine  
  60  4:26  Marine  
  60  4:29  Marine  
  63  4:32  Refinery  
  63  4:33  Marine, SCV, Refinery, Factory  
  63  4:34  Supply Depot  
  63  4:37  SCV  
  66  4:42  Marine  
  66  4:44  Engineering Bay, Marine  
  66  4:45  SCV  
  69  4:47  Marine  
  70  4:53  Marine  
  70  4:56  Supply Depot, SCV  
  70  4:57  SCV, Barracks  
  70  4:59  Barracks  
  73  5:04  Marine x2  
  73  5:05  Marine  
  76  5:08  SCV  
  76  5:09  SCV  
  74  5:18  Supply Depot, Terran Infantry Weapons Level 1, Factory Reactor  
  74  5:20  SCV, Starport  
  74  5:21  Marine, SCV  
  76  5:28  Marine x3  
  78  5:32  SCV  
  78  5:34  Supply Depot  
  81  5:40  Marine  
  82  5:45  Refinery  
  82  5:46  Barracks Reactor, Barracks Tech Lab  
  82  5:49  Marine x3  
  85  5:59  Marine  
  85  6:03  Medivac x2  
  89  6:04  Factory Tech Lab  
  89  6:07  Marine x3  
  89  6:11  Marauder  
  93  6:15  Supply Depot  
  93  6:17  Supply Depot, Marine  
  94  6:24  Marine  
  94  6:25  Marine x2, Siege Tank  
  100  6:30  Supply Depot  
  100  6:32  Marine x3  
  102  6:33  Medivac x2  
  102  6:35  Marine  
  108  6:42  Marine x2  
  108  6:43  Marine  
  108  6:44  Supply Depot  
  109  6:49  Marine  
  109  6:50  Marine x2  
  109  6:53  Marine  
  112  6:59  Siege Tank  
  112  7:00  Marine x2  
  117  7:03  Marine  
  117  7:04  Medivac x2  
  117  7:07  Marine  
  117  7:08  Marine x2  
  124  7:13  Supply Depot  
  124  7:14  Marine  
  126  7:15  Supply Depot  
  126  7:18  Marine x2  
  126  7:21  Marine  
  129  7:25  Marine  
  129  7:26  Marine  
  130  7:30  Marine  
  130  7:31  Siege Tank  
  130  7:32  Marine  
  130  7:34  Medivac x2  
  130  7:36  Marine  
  140  7:38  Marine x2  
  140  7:43  Marine x2  
  144  7:47  Marine  
  144  7:50  Marine  
  146  7:54  Marine  
  146  7:56  Marine x2  
  149  8:01  Marine  
  149  8:02  Supply Depot, Marine  
  149  8:03  Supply Depot, Siege Tank  
  149  8:04  Supply Depot, Medivac x2  
  158  8:11  Marine  
  158  8:18  Supply Depot  
  158  8:20  Marine x6  
  164  8:29  Marine  
Tags
 
Matchup
PvT
Player
Probe
Spawn Locations
Cross Positions
Add a new tag
Caveats
  • Supply blocks, unpowered buildings, or Contaminate may cause inaccurate times.
  • Supply counts are checked every 10 seconds.